 Dungeon Crawl Stone Soup version 0.24-a0-291-g79c1ce7 (webtiles) character file.

Game seed: 13908341687330329416

10586 galech the Cleaver (level 11, -7/89 HPs)
             Began as a Demonspawn Fighter on May 9, 2019.
             Was a High Priest of Okawaru.
             Mangled by a very large slime creature (32 damage)
             ... on level 12 of the Dungeon.
             The game lasted 00:12:34 (9356 turns).

galech the Cleaver (Demonspawn Fighter)             Turns: 9356, Time: 00:12:35

Health: -7/89      AC: 24    Str: 18    XL:     11   Next: 38%
Magic:  9/11       EV: 16    Int:  9    God:    Okawaru [*****.]
Gold:   703        SH: 18    Dex: 19    Spells: 10/10 levels left

rFire    . . .     SeeInvis +   a - +0 war axe
rCold    + . .     Gourm    .   c - +1 shield
rNeg     . . .     Faith    .   u - +4 scale mail {MR+}
rPois    .         Spirit   .   J - +0 hat {SInv}
rElec    .         Reflect  +   x - +2 cloak
rCorr    .         Harm     .   H - +2 pair of gloves
MR       .....                  K - +0 pair of boots of Happy Babbling {+Fly MR- Dex+4}
Stlth    ++........             l - +3 amulet of reflection
HPRegen  0.24/turn              C - ring of see invisible
MPRegen  0.12/turn              D - ring of protection from cold

@: heroism
A: talons 1, rugged brown scales 3, spiny 1
a: Heroism, Finesse, Renounce Religion, Evoke Flight


You were on level 12 of the Dungeon.
You worshipped Okawaru.
Okawaru was extremely pleased with you.
You were not hungry.

You visited 2 branches of the dungeon, and saw 13 of its levels.
You also visited: Ossuary.

You collected 703 gold pieces.

Inventory:

Hand Weapons
 a - a +0 war axe (weapon)
Armour
 c - a +1 shield (worn)
 u - a +4 scale mail of magic resistance (worn)
 w - a +1 ring mail of fire resistance
 x - a +2 cloak (worn)
 y - a +2 robe of fire resistance
 H - a +2 pair of gloves (worn)
 J - a +0 hat of see invisible (worn)
 K - the +0 pair of boots of Happy Babbling (worn) {+Fly MR- Dex+4}
   (Okawaru gifted it to you on level 10 of the Dungeon)

   It affects your dexterity (+4).
   It affects your resistance to hostile enchantments.
   It lets you fly.
Jewellery
 l - a +3 amulet of reflection (around neck)
 C - a ring of see invisible (left hand)
 D - a ring of protection from cold (right hand)
Wands
 h - a wand of random effects (43)
 m - a wand of disintegration (19)
 s - a wand of polymorph (6)
 B - a wand of acid (8)
 G - a wand of paralysis (12)
Scrolls
 b - 5 scrolls of enchant armour
 e - 6 scrolls of amnesia
 i - 3 scrolls of enchant weapon
 j - a scroll of holy word {unknown}
 n - a scroll of teleportation
 o - 5 scrolls of remove curse
 r - a scroll of immolation
 z - 4 scrolls of fear
 I - a scroll of identify
 L - a scroll of fog {unknown}
Potions
 d - 2 potions of might
 g - a potion of agility
 k - 8 potions of curing
 p - 2 potions of flight {unknown}
 q - 3 potions of mutation {unknown}
 t - 2 potions of lignification {unknown}
 v - a potion of berserk rage {unknown}
 A - 2 potions of degeneration {unknown}
 E - a potion of brilliance
 F - 3 potions of heal wounds
Comestibles
 f - 25 rations
 M - 3 chunks of flesh


   Skills:
 + Level 7.3(12.3) Fighting
 + Level 10.7(15.7) Axes
 + Level 6.2(11.2) Armour
 + Level 4.4(9.4) Dodging
 + Level 1.4(6.4) Stealth
 + Level 8.8(13.8) Shields
 + Level 0.7 Invocations


You had 10 spell levels left.
You didn't know any spells.
Your spell library contained the following spells:

 Spells                   Type           Power        Failure   Level  Hunger
 Confusing Touch          Hex            #.....       75%         1    ##.....
 Corona                   Hex            #......      75%         1    ##.....
 Flame Tongue             Conj/Fire      #....        75%         1    ##.....
 Magic Dart               Conj           #...         75%         1    ##.....
 Blink                    Tloc           N/A          87%         2    ###....
 Call Imp                 Summ           #.......     87%         2    ###....
 Ensorcelled Hibernation  Hex/Ice        #.....       87%         2    ###....
 Slow                     Hex            #.......     87%         2    ###....
 Throw Flame              Conj/Fire      #.....       87%         2    ###....
 Confuse                  Hex            #.......     98%         3    ####...
 Conjure Flame            Conj/Fire      #.......     98%         3    ####...
 Dazzling Spray           Conj/Hex       #.....       98%         3    ####...
 Gell's Gravitas          Tloc           #.........   98%         3    ####...
 Inner Flame              Hex/Fire       #.......     98%         3    ####...
 Mephitic Cloud           Conj/Pois/Air  #.......     98%         3    ####...
 Tukima's Dance           Hex            #.......     98%         3    ####...
 Petrify                  Tmut/Erth      #.......     100%        4    #####..
 Sticky Flame             Conj/Fire      #.......     100%        4    #####..
 Fireball                 Conj/Fire      #.........   100%        5    ######.
 Metabolic Englaciation   Hex/Ice        #.........   100%        5    ######.
 Yara's Violent Unravell  Hex/Tmut       #.........   100%        5    ######.


Dungeon Overview and Level Annotations

Branches:
Dungeon (12/15)            Temple (1/1) D:7
   Lair: D:8-11         Orc: D:9-12

Altars:
Cheibriados
Elyvilon
Fedhas
Gozag
Hepliaklqana
Makhleb
Okawaru
Qazlal
Ru
Sif Muna
Trog
Uskayaw
Vehumet
Wu Jian
Xom
Yredelemnul
Zin
The Shining One
Beogh

Shops:
D:8 %

Annotations:
D:5 2 transporters


Innate Abilities, Weirdness & Mutations

You have sharp toenails.
You are completely covered in rugged brown scales. (AC +3, +7% HP)
You are partially covered in sharp spines.


Message History

You gain the combat prowess of a mighty hero.
You block the slime creature's attack.
The very large slime creature hits you but does no damage.
The slime creature closely misses you.
The slime creature hits you but does no damage.
You hit the slime creature but do no damage.
The slime creature is heavily wounded.
You slash the slime creature! You hit the slime creature.
You hit the very large slime creature. You block the slime creature's attack.
You block the very large slime creature's attack.
You slice the slime creature!!
The slime creature is almost dead.
You slash the slime creature! You hit the slime creature.
You barely miss the very large slime creature.
You block the slime creature's attack. x2
The slime creature is struck by your spines.
The slime creature closely misses you.
The very large slime creature is struck by your spines.
The very large slime creature hits you!!
You die...

##........#
...........#
###........#
...##.#....#
## #.#....#
#.#.!..#
#.#....+
#.##J###
#..J@J.#
.....##J###
####


au. .#.## ..... .. ### ... .## You could see a purple ugly thing, a very large
slime creature, 3 slime creatures and a worker ant.

Vanquished Creatures
  Gastronok (D:10)
  Harold (D:9)
  2 two-headed ogres
  Urug (D:10)
  A gargoyle (D:12)
  A troll (D:10)
  2 hornets
  2 hippogriffs
  Grum (D:8)
  A wyvern (D:9)
  A hungry ghost (D:9)
  A water moccasin (D:8)
  3 orc warriors
  A necrophage (D:6)
  2 ice beasts
  A phantom (D:4)
  3 sky beasts
  5 ogres
  2 wolves (D:8)
  A crocodile (D:12)
  2 bullfrogs
  A gnoll sergeant (D:8)
  4 scorpions
  13 killer bees
  A howler monkey (D:9)
  2 wights (D:12)
  6 crimson imps
  3 quasits
  7 hounds
  A jelly (D:10)
  A human zombie (Ossuary)
  5 orc priests
  11 orc wizards
  Ijyb (D:5)
  An iguana (D:4)
  6 worker ants
  3 big kobold zombies (Ossuary)
  3 mummies (Ossuary)
  2 worker ant zombies
  10 adders
  11 gnolls
  A howler monkey skeleton (D:6)
  2 shadow imps
  2 oozes
  3 adder zombies
  An adder skeleton (D:6)
  A worm (D:2)
  3 dart slugs
  2 leopard geckos
  56 orcs
  3 ball pythons
  2 giant cockroaches
  A gnoll zombie (Ossuary)
  5 goblins
  6 hobgoblins
  26 jackals
  6 quokkas
  8 bats
  2 frilled lizards (D:3)
  2 goblin zombies (Ossuary)
  5 hobgoblin zombies (Ossuary)
  3 jackal zombies (Ossuary)
  10 kobolds
  5 kobold zombies (Ossuary)
  A leopard gecko skeleton (D:5)
  2 orc zombies (Ossuary)
  7 quokka zombies (Ossuary)
  5 rats
  3 rat zombies (Ossuary)
300 creatures vanquished.

Vanquished Creatures (others)
  2 centaurs
  An orc wizard (D:7)
3 creatures vanquished.

Grand Total: 303 creatures vanquished

Notes
Turn   | Place    | Note
-------+----------+-------------------------------------------
     0 | D:1      | galech the Demonspawn Fighter began the quest for the Orb.
     0 | D:1      | Reached XP level 1. HP: 18/18 MP: 1/1
   109 | D:1      | Gained mutation: You have sharp toenails. [demonic
                  | ancestry]
   109 | D:1      | Reached XP level 2. HP: 24/24 MP: 2/2
   337 | D:1      | Reached skill level 2 in Axes
   505 | D:1      | Reached XP level 3. HP: 29/29 MP: 3/3
  1349 | D:2      | Reached skill level 1 in Dodging
  1359 | D:2      | Reached XP level 4. HP: 35/35 MP: 4/4
  1655 | D:3      | Reached skill level 3 in Axes
  1655 | D:3      | Gained mutation: You are partially covered in sharp spines.
                  | [demonic ancestry]
  1655 | D:3      | Reached XP level 5. HP: 29/41 MP: 5/5
  2226 | D:4      | Gained mutation: You are partially covered in rugged brown
                  | scales. (AC +1, +3% HP) [demonic ancestry]
  2226 | D:4      | Reached XP level 6. HP: 42/49 MP: 6/6
  2459 | D:4      | Found an opulent altar of Gozag.
  2461 | D:4      | Found a blossoming altar of Fedhas.
  2467 | D:4      | Found a sacrificial altar of Ru.
  2710 | D:4      | Reached skill level 4 in Axes
  2810 | D:5      | Entered Level 5 of the Dungeon
  2814 | D:5      | Found a transporter.
  2818 | D:5      | Found a transporter.
  2866 | D:5      | Noticed an ice beast
  2877 | D:5      | Killed an ice beast
  2877 | D:5      | Reached XP level 7. HP: 29/56 MP: 7/7
  3198 | D:5      | Found a snail-covered altar of Cheibriados.
  3400 | D:5      | Noticed Ijyb
  3412 | D:5      | Killed Ijyb
  3792 | D:6      | Reached skill level 5 in Fighting
  3807 | D:6      | Gained mutation: You are mostly covered in rugged brown
                  | scales. (AC +2, +5% HP) [demonic ancestry]
  3807 | D:6      | Reached XP level 8. HP: 54/65 MP: 8/8
  3920 | D:6      | Reached skill level 5 in Axes
  4008 | D:6      | Reached skill level 5 in Shields
  4054 | D:6      | Found a glowing golden altar of the Shining One.
  4239 | D:6      | Reached skill level 6 in Axes
  4567 | D:7      | Found a bloodstained altar of Trog.
  4616 | D:7      | Found a staircase to the Ecumenical Temple.
  4636 | Temple   | Entered the Ecumenical Temple
  4646 | Temple   | Became a worshipper of Warmaster Okawaru
  5166 | D:7      | Found a burning altar of Makhleb.
  5168 | D:7      | Reached skill level 1 in Stealth
  5169 | D:7      | Found a shimmering altar of Xom.
  5188 | D:7      | Reached skill level 5 in Armour
  5407 | D:8      | Reached XP level 9. HP: 70/71 MP: 9/9
  5442 | D:8      | Found a roughly hewn altar of Beogh.
  5529 | D:8      | Reached * piety under Okawaru
  5554 | D:8      | Reached skill level 7 in Axes
  5604 | D:8      | Found an iron altar of Okawaru.
  5787 | D:8      | Found Noseri's Food Shop.
  5813 | D:8      | Found a sand-covered staircase.
  5813 | D:8      | Noticed Grum
  5822 | D:8      | Reached ** piety under Okawaru
  5828 | D:8      | Killed Grum
  5832 | Ossuary  | Entered an ossuary
  6302 | D:9      | Reached skill level 8 in Axes
  6326 | D:9      | Noticed a two-headed ogre
  6342 | D:9      | Killed a two-headed ogre
  6349 | D:9      | Reached XP level 10. HP: 41/79 MP: 10/10
  6610 | D:9      | Found a hide-covered altar of Uskayaw.
  6620 | D:9      | Found a glowing silver altar of Zin.
  6620 | D:9      | Found a stormy altar of Qazlal.
  6620 | D:9      | Found a hazy altar of Hepliaklqana.
  6632 | D:9      | Found a glowing golden altar of the Shining One.
  6868 | D:9      | Noticed Harold
  6877 | D:9      | Reached *** piety under Okawaru
  6942 | D:9      | Killed Harold
  6942 | D:9      | Reached skill level 9 in Axes
  7136 | D:9      | Paralysed by a hornet for 1 turns
  7499 | D:9      | Found a white marble altar of Elyvilon.
  7711 | D:10     | Entered Level 10 of the Dungeon
  7873 | D:10     | Noticed a two-headed ogre
  7880 | D:10     | Noticed Gastronok
  7881 | D:10     | Killed a two-headed ogre
  7881 | D:10     | Reached **** piety under Okawaru
  7908 | D:10     | Killed Gastronok
  7908 | D:10     | Reached ***** piety under Okawaru
  7908 | D:10     | Reached skill level 10 in Axes
  7908 | D:10     | Gained mutation: You are completely covered in rugged brown
                  | scales. (AC +3, +7% HP) [demonic ancestry]
  7908 | D:10     | Reached XP level 11. HP: 47/89 MP: 11/11
  8099 | D:10     | Noticed Urug
  8123 | D:10     | Killed Urug
  8123 | D:10     | Received a gift from Okawaru
  8128 | D:10     | Got a pair of dazzling boots {god gift}
  8134 | D:10     | Identified the +0 pair of boots of Happy Babbling {+Fly MR-
                  | Dex+4} (Okawaru gifted it to you on level 10 of the
                  | Dungeon)
  8867 | D:11     | Noticed an eight-headed hydra
  9346 | D:12     | Noticed a purple ugly thing
  9356 | D:12     | Mangled by a very large slime creature

Levels and vault maps discovered:
D:1:      elethiomel_arrival_quiet, layout_basic,
          chequers_serial_rivers_small_3, moated_statue
D:2:      layout_basic
D:3:      layout_rooms, first_ration, cheibrodos_gnoll_hut
D:4:      layout_loops_cross, gammafunk_temple_overflow_forgotten
D:5:      gammafunk_wand_slinger, layout_basic, nicolae_overflow_crystal_walls,
          uniq_ijyb
D:6:      layout_cave_pods, basic_altar
D:7:      layout_layer_cave, grunt_temple_overflow_champion_of_chaos,
          lemuel_doored_altar, temple_pool_b, grunt_ogre_cave
D:8:      layout_gridville, special_room [special_room_orc],
          nicolae_ossuary_entry_monument, serial_shops, shop,
          okawaru_altar_gauntlet_db, uniq_grum
D:9:      layout_stronghold, minmay_overflow_temple_star_hex, elyvilon_altar_5,
          evilmike_butchery, uniq_harold
D:10:     layout_basic, roderic_malta_cross, uniq_gastronok, uniq_urug
D:11:     layout_roguey, lair_entry_dummy, uniq_snorg
D:12:     layout_loops_cross, hiddenorc2_lemuel, basic_altar
Temple:   dpeg_three_leaves_temple

Skill      XL: |  1  2  3  4  5  6  7  8  9 10 |
---------------+-------------------------------+-----
Shields        | 3 4 5 6 8 |  8.8
Armour         | 3 4 5 6 |  6.2
Axes           | 2 3 4 6 8 10 | 10.7
Dodging        | 1 2 3 4 |  4.4
Fighting       | 4 5 6 7 |  7.3
Stealth        | 1 |  1.4
Invocations    | |  0.7

Action                   |  1- 3 |  4- 6 |  7- 9 | 10-12 || total
-------------------------+-------+-------+-------+-------++-------
Melee: War axe           |    93 |   129 |   371 |   283 ||   876
       Kick              |    22 |    34 |   119 |    69 ||   244
Invok: Heroism           |       |       |     2 |     4 ||     6
  Use: Scroll            |       |     6 |     2 |     3 ||    11
       Potion            |       |       |     1 |       ||     1
  Eat: Chunk             |     2 |     5 |     8 |    10 ||    25
       Ration            |       |       |     1 |       ||     1
Armor: Scale mail        |    26 |       |   115 |    87 ||   228
       Chain mail        |    15 |    64 |    22 |       ||   101
Dodge: Dodged            |    26 |    32 |    91 |    78 ||   227
Block: Shield            |    46 |    76 |   291 |   242 ||   655
       Reflection        |       |       |    16 |     6 ||    22

Table legend:
 A = Non-vault XP
 B = Vault XP
 C = Vault XP percentage of total XP
 D = Non-vault monster count
 E = Vault monster count
 F = Vault count percentage of total count
                 A         B        C        D         E       F
            +---------+---------+-------+---------+---------+-------
      Total |    9730 |    5393 |  35.7 |     221 |      82 |  27.1
            +---------+---------+-------+---------+---------+-------
        D:1 |      44 |       0 |   0.0 |      20 |       0 |   0.0
        D:2 |      62 |       0 |   0.0 |      17 |       0 |   0.0
        D:3 |     135 |     102 |  43.0 |      33 |       3 |   8.3
        D:4 |     350 |       0 |   0.0 |      13 |       0 |   0.0
        D:5 |     532 |      38 |   6.7 |      12 |       1 |   7.7
        D:6 |     875 |       0 |   0.0 |      22 |       0 |   0.0
        D:7 |     397 |     170 |  30.0 |      13 |       2 |  13.3
        D:8 |     888 |     683 |  43.5 |      23 |      36 |  61.0
        D:9 |    2848 |    1034 |  26.6 |      33 |       1 |   2.9
       D:10 |    2076 |    3154 |  60.3 |      21 |       2 |   8.7
       D:11 |     427 |       0 |   0.0 |       5 |       0 |   0.0
       D:12 |    1096 |       0 |   0.0 |       9 |       0 |   0.0
    Ossuary |       0 |     212 | 100.0 |       0 |      37 | 100.0
            +---------+---------+-------+---------+---------+-------
